 Dungeon Crawl Stone Soup version 0.25-a0-353-ged6d54792d (webtiles) character file.

Game seed: 14443812446167799580, levelgen mode: deterministic

125 BritishOli the Slasher (level 4, -2/34 HPs)
             Began as a Demonspawn Gladiator on Jan 2, 2020.
             Slain by Terence
             ... wielding a +8 flail of draining
              (5 damage)
             ... on level 3 of the Dungeon.
             The game lasted 00:03:23 (1954 turns).

BritishOli the Slasher (Demonspawn Gladiator)       Turns: 1954, Time: 00:03:24

Health: -2/34      AC:  8    Str: 15    XL:     4   Next: 82%
Magic:  0/4        EV:  9    Int: 10    God:
Gold:   150        SH:  0    Dex: 14    Spells: 3/3 levels left

rFire    . . .     SeeInvis .   a - +0 long sword
rCold    . . .     Gourm    .   (no shield)
rNeg     . . .     Faith    .   k - +0 scale mail
rPois    .         Spirit   +   c - +0 helmet
rElec    .         Reflect  .   (no cloak)
rCorr    .         Harm     .   (no gloves)
MR       .....                  l - +0 pair of boots
Stlth    ..........             (no amulet)
HPRegen  0.11/turn              (no ring)
MPRegen  0.18/turn              (no ring)

@: heavily drained
A: magic shield, magic regeneration
a: no special abilities


You were on level 3 of the Dungeon.
You were hungry.

You visited 1 branch of the dungeon, and saw 3 of its levels.

You collected 150 gold pieces.

Inventory:

Hand Weapons
 a - a +0 long sword (weapon)
Armour
 c - a +0 helmet (worn)
 k - a +0 scale mail (worn)
 l - a +0 pair of boots (worn)
Jewellery
 m - an uncursed ring of ice {unknown}
Scrolls
 b - a scroll of remove curse {unknown}
 e - 2 scrolls of blinking {unknown}
 g - 2 scrolls of enchant weapon {unknown}
 h - 2 scrolls of enchant armour {unknown}
 i - a scroll of identify {unknown}
Potions
 j - a potion of heal wounds
 n - a potion of agility {unknown}
 p - a potion of degeneration {unknown}
Comestibles
 f - 6 rations


   Skills:
 + Level 2.9(0.7) Fighting
 * Level 4.0(1.6) Long Blades
 - Level 2.0(0.0) Throwing
 + Level 3.4(1.1) Dodging


You had 3 spell levels left.
You didn't know any spells.
Your spell library was empty.

Dungeon Overview and Level Annotations

Branches:
Dungeon (3/15)

Altars:

Annotations:
D:3 Terence


Innate Abilities, Weirdness & Mutations

When hurt, damage is shared between your health and your magic reserves.
You regenerate magic rapidly.


Message History

Terence is caught in the net!
Terence is lightly wounded.
You catch the helpless Terence completely off-guard!
You hit Terence but do no damage.
Terence is lightly wounded.
Terence struggles against the net. x2
You hit Terence but do no damage.
Terence is lightly wounded.
Terence struggles against the net.
You hit Terence.
Terence is moderately wounded.
Terence struggles against the net.
You catch the helpless Terence completely off-guard!
You hit Terence.
Terence is moderately wounded.
Terence shouts, "Now you die!"
Terence struggles against the net.
The net rips apart, and Terence comes free!
Terence hits you with a +8 flail of draining!
You die...

########..###.#.#.#.######.#
#...# ##.#.##...<...#
#.#.###.###.#.......##
..#....## ##.##......###
#####...###.............
..#)(.##.#.#.####.....##
#.#(####..##.## .....#
#.รท.# #.##...###.....#
##..# #........@.....# ##.#
####...##)@?..... #.#
##.###......## #.# #.#
#......# #.# #.# #......#
#.# #.# ......... .# #.#
..##.(.($ #.. ... ...## ###


You could see Terence.

Vanquished Creatures
  5 adders
  2 oozes (D:3)
  3 worms
  2 dart slugs (D:2)
  2 leopard geckos
  An orc (D:3)
  A ball python (D:2)
  2 bats
  7 giant cockroaches
  5 goblins
  4 hobgoblins
  3 jackals (D:2)
  7 kobolds
  3 quokkas (D:2)
  4 frilled lizards
  6 rats
57 creatures vanquished.

Notes
Turn   | Place    | Note
-------+----------+-------------------------------------------
     0 | D:1      | BritishOli the Demonspawn Gladiator began the quest for the
                  | Orb.
     0 | D:1      | Reached XP level 1. HP: 16/16 MP: 1/1
   118 | D:1      | Gained mutation: When hurt, damage is shared between your
                  | health and your magic reserves. [demonic ancestry]
   118 | D:1      | Reached XP level 2. HP: 22/22 MP: 2/2
   493 | D:2      | Reached skill level 3 in Long Blades
   628 | D:2      | Gained mutation: You regenerate magic rapidly. [demonic
                  | ancestry]
   628 | D:2      | Reached XP level 3. HP: 27/28 MP: 1/3
  1063 | D:2      | Reached XP level 4. HP: 33/34 MP: 4/4
  1926 | D:3      | Noticed Terence
  1933 | D:3      | Reached skill level 4 in Long Blades
  1954 | D:3      | Slain by Terence

Levels and vault maps discovered:
D:1:      psy_arrival_terrarium, layout_rooms, minmay_pentomino_v2
D:2:      layout_loops_corners
D:3:      layout_loops_ring, fedhas_altar_3, uniq_terence,
          uniq_crazy_yiuf_cottage

Skill      XL: |  1  2  3  4 |
---------------+-------------+-----
Throwing       | 2 |  2.0
Long Blades    | 3 4 |  4.0
Dodging        | 3 |  3.4
Fighting       | |  2.9

Action                   |  1- 3 |  4- 6 || total
-------------------------+-------+-------++-------
Melee: Long sword        |   110 |    90 ||   200
Throw: Throwing net      |       |     3 ||     3
  Use: Potion            |       |     1 ||     1
 Stab: Held in net/web   |       |     3 ||     3
  Eat: Chunk             |       |     3 ||     3
Armor: Leather armour    |    11 |       ||    11
       Scale mail        |    35 |    45 ||    80
Dodge: Dodged            |    74 |    40 ||   114
       Rpst.: Long sword |    17 |    10 ||    27

Table legend:
 A = Non-vault XP
 B = Vault XP
 C = Vault XP percentage of total XP
 D = Non-vault monster count
 E = Vault monster count
 F = Vault count percentage of total count
                 A         B        C        D         E       F
            +---------+---------+-------+---------+---------+-------
      Total |     177 |       2 |   1.1 |      55 |       2 |   3.5
            +---------+---------+-------+---------+---------+-------
        D:1 |      19 |       2 |   9.5 |      11 |       2 |  15.4
        D:2 |     101 |       0 |   0.0 |      27 |       0 |   0.0
        D:3 |      57 |       0 |   0.0 |      17 |       0 |   0.0
            +---------+---------+-------+---------+---------+-------
